 Dungeon Crawl Stone Soup version 0.25-a0-42-g6c54e25894 (webtiles) character file.

Game seed: 5449866159940804561, levelgen mode: deterministic

5 Erk the Sneak (level 1, 0/10 HPs)
             Began as a Kobold Enchanter on Oct 22, 2019.
             Succumbed to an adder's poison
             ... on level 2 of the Dungeon.
             The game lasted 00:01:47 (329 turns).

Erk the Sneak (Kobold Enchanter)                     Turns: 329, Time: 00:01:47

Health: 0/10       AC:  2    Str:  5    XL:     1   Next: 88%
Magic:  2/3        EV: 15    Int: 16    God:
Gold:   58         SH:  0    Dex: 15    Spells: 3/4 levels left

rFire    . . .     SeeInvis .   i - +0 short sword
rCold    . . .     Gourm    .   (shield restricted)
rNeg     . . .     Faith    .   b - +0 robe
rPois    .         Spirit   .   (no helmet)
rElec    .         Reflect  .   (no cloak)
rCorr    .         Harm     .   (no gloves)
MR       .....                  (no boots)
Stlth    +++.......             (no amulet)
HPRegen  0.03/turn              (no ring)
MPRegen  0.08/turn              (no ring)

@: lethally poisoned (0 -> -9)
A: small, carnivore
a: no special abilities


You were on level 2 of the Dungeon.
You were full.

You visited 1 branch of the dungeon, and saw 3 of its levels.

You collected 58 gold pieces.

Inventory:

Hand Weapons
 a - a +1 dagger
 i - a +0 short sword (weapon)
Armour
 b - a +0 robe (worn)
Scrolls
 c - 2 scrolls of remove curse {unknown}
 e - a scroll of amnesia {unknown}
 g - 2 scrolls of identify {unknown}
Potions
 f - a potion of might {unknown}
 h - a potion of curing {unknown}
Comestibles
 d - a ration


   Skills:
 + Level 1.3 Short Blades
 + Level 2.5 Dodging
 + Level 4.2 Stealth
 + Level 2.2 Spellcasting
 + Level 3.1 Hexes


You had 3 spell levels left.
You knew the following spells:

 Your Spells              Type           Power        Failure   Level  Hunger
a - Corona                Hex            ##.....      5%          1    #......

Your spell library contained the following spells:

 Spells                   Type           Power        Failure   Level  Hunger
 Ensorcelled Hibernation  Hex/Ice        #.....       16%         2    ###....
 Confuse                  Hex            ##......     17%         3    ###....
 Tukima's Dance           Hex            ##......     17%         3    ###....
 Dazzling Spray           Conj/Hex       #.....       32%         3    ###....


Dungeon Overview and Level Annotations

Branches:
Dungeon (3/15)

Altars:
Elyvilon


Innate Abilities, Weirdness & Mutations

You are small and have problems with some larger weapons.
You are carnivorous and can eat meat at any time.


Message History

The adder is outlined in light.
The adder barely misses you. The adder bites you.
You barely miss the adder.
The adder is moderately wounded.
The adder closely misses you.
You closely miss the adder.
The adder is moderately wounded.
The adder misses you.
You closely miss the adder.
The adder is moderately wounded.
The adder closely misses you. x2
You hit the adder.
The adder is heavily wounded.
The adder bites you.
* * * LOW HITPOINT WARNING * * *
You are lethally poisoned!
The adder poisons you!
You barely miss the adder.
The adder is heavily wounded.
You die...

#............#
#............##
#..............
#............##
#............#
#............#
###.##########
#S###### #######
#@.....# #......
#......# #......
#......#####......
#>................
##.....########.##
#.....###........
######.......#...
#.......#...
#.......#.#.


You could see an adder.

Vanquished Creatures
  2 hobgoblins (D:1)
  A bat (D:1)
  3 rats
6 creatures vanquished.

Notes
Turn   | Place    | Note
-------+----------+-------------------------------------------
     0 | D:1      | Erk the Kobold Enchanter began the quest for the Orb.
     0 | D:1      | Reached XP level 1. HP: 10/10 MP: 3/3
   203 | D:1      | You fall into a shaft and drop 1 floor!
   203 | D:2      | Found a white marble altar of Elyvilon.
   329 | D:2      | Succumbed to an adder's poison

Levels and vault maps discovered:
D:1:      grunt_arrival_lava_bath, layout_loops_ring, minmay_pentomino_u4
D:2:      layout_basic, lemuel_coloured_pillars_altar
D:3:      layout_basic, first_ration, minmay_misc_feat_iff, minmay_puff,
          uniq_natasha

Action                   || total
-------------------------++-------
Melee: Short sword       ||    11
       Dagger            ||    10
 Cast: Corona            ||     1
 Stab: Sleeping          ||     2
  Eat: Chunk             ||     3
Armor: Robe              ||     5
Dodge: Dodged            ||    20

Table legend:
 A = Non-vault XP
 B = Vault XP
 C = Vault XP percentage of total XP
 D = Non-vault monster count
 E = Vault monster count
 F = Vault count percentage of total count
                 A         B        C        D         E       F
            +---------+---------+-------+---------+---------+-------
      Total |       8 |       0 |   0.0 |       6 |       0 |   0.0
            +---------+---------+-------+---------+---------+-------
        D:1 |       7 |       0 |   0.0 |       5 |       0 |   0.0
        D:2 |       1 |       0 |   0.0 |       1 |       0 |   0.0
            +---------+---------+-------+---------+---------+-------
